SL
PHOENIX HOTSPUR @ OAKLAND OAKS
08/26/2023
 
TOP OF THE 1ST
Phoenix Hotspur batting - Pitching for Oakland Oaks : RHP Kent Clement
Pitching: RHP Kent Clement
Batting: LHB Arthur Ryan 0-0: Called Strike
0-1: Foul Ball, location: 2F
0-2: Ball
1-2: Strikes out swinging
Batting: LHB Dave Knight 0-0: Hit by Pitch
Batting: RHB Randy Rehling 0-0: Fly out, F7 (Flyball, 7LD)
Batting: LHB Rubén López 0-0: Ball
1-0: Called Strike
1-1: Ball
2-1: Ball
3-1: Base on Balls
Dave Knight to second
Batting: LHB Albert González 0-0: Called Strike
0-1: Ground out 4-3 (Groundball, 4)
Top of the 1st over - 0 run(s), 0 hit(s), 0 error(s), 2 left on base; Phoenix 0 - Oakland 0
BOTTOM OF THE 1ST
Oakland Oaks batting - Pitching for Phoenix Hotspur : RHP Pedro Valdéz
Pitching: RHP Pedro Valdéz
Batting: LHB Jesús Quintanilla 0-0: Ground out 3-1 (Groundball, 34S)
Batting: LHB Edwin Church 0-0: Ball
1-0: Ground out 3-1 (Groundball, 34)
Batting: LHB Todd Henry 0-0: Called Strike
0-1: Foul Ball, location: 2F
0-2: Strikes out swinging
Bottom of the 1st over - 0 run(s), 0 hit(s), 0 error(s), 0 left on base; Phoenix 0 - Oakland 0
TOP OF THE 2ND
Phoenix Hotspur batting - Pitching for Oakland Oaks : RHP Kent Clement
Batting: RHB John Moore 0-0: Ball
1-0: Ground out 5-3 (Groundball, 5S)
Batting: RHB António Padilla 0-0: Called Strike
0-1: Swinging Strike
0-2: Strikes out swinging
Batting: RHB Gabriel Pérez 0-0: Swinging Strike
0-1: Ball
1-1: Ball
2-1: DOUBLE (Flyball, 89D)
Batting: RHB Martín Martínez 0-0: Ball
1-0: Ball
2-0: Ball
3-0: Called Strike
3-1: Ground out 6-3 (Groundball, 6)
Top of the 2nd over - 0 run(s), 1 hit(s), 0 error(s), 1 left on base; Phoenix 0 - Oakland 0
BOTTOM OF THE 2ND
Oakland Oaks batting - Pitching for Phoenix Hotspur : RHP Pedro Valdéz
Batting: SHB John Allen 0-0: Ball
1-0: Ball
2-0: SINGLE (Line Drive, 78M)
Batting: LHB Mal Wadley 0-0: Called Strike
0-1: Fly out, F8 (Line Drive, 8RXD)
Batting: RHB Miguel Fernández 0-0: Ball
1-0: Called Strike
1-1: Ball
2-1: Called Strike
2-2: Strikes out swinging
Batting: RHB Dave Henderson 0-0: Called Strike
0-1: Ball
1-1: Swinging Strike
1-2: Ball
John Allen steals 2nd base
2-2: Strikes out looking
Bottom of the 2nd over - 0 run(s), 1 hit(s), 0 error(s), 1 left on base; Phoenix 0 - Oakland 0
TOP OF THE 3RD
Phoenix Hotspur batting - Pitching for Oakland Oaks : RHP Kent Clement
Batting: LHB Arthur Ryan 0-0: Swinging Strike
0-1: Swinging Strike
0-2: Ball
1-2: Ball
2-2: Foul Ball, location: 2F
2-2: Ball
3-2: Base on Balls
Batting: LHB Dave Knight 0-0: Called Strike
Arthur Ryan is caught stealing 2nd base
0-1: Foul Ball, location: 2F
0-2: Ball
1-2: Strikes out swinging
Batting: RHB Randy Rehling 0-0: Called Strike
0-1: Fly out, F8 (Flyball, 8LXD)
Top of the 3rd over - 0 run(s), 0 hit(s), 0 error(s), 0 left on base; Phoenix 0 - Oakland 0
BOTTOM OF THE 3RD
Oakland Oaks batting - Pitching for Phoenix Hotspur : RHP Pedro Valdéz
Batting: RHB Jim Lee 0-0: Called Strike
0-1: Ball
1-1: Called Strike
1-2: Foul Ball, location: 2F
1-2: Ball
2-2: Foul Ball, location: 2F
2-2: Ball
3-2: Foul Ball, location: 2F
3-2: Foul Ball, location: 2F
3-2: Base on Balls
Batting: RHB Rafael Durango 0-0: Called Strike
0-1: Called Strike
0-2: Ball
1-2: Foul Ball, location: 2F
1-2: Strikes out swinging
Batting: LHB Jesús Quintanilla 0-0: Ball
Jim Lee steals 2nd base
1-0: Swinging Strike
1-1: Ball
2-1: Reached on error, E3 (Groundball, 3L)
Jim Lee to third
Batting: LHB Edwin Church 0-0: Called Strike
0-1: Called Strike
Jesús Quintanilla steals 2nd base
0-2: Ball
1-2: Strikes out swinging
Batting: LHB Todd Henry 0-0: Ball
1-0: Called Strike
1-1: Called Strike
1-2: Ball
2-2: Fly out, F9 (Flyball, 9M)
Bottom of the 3rd over - 0 run(s), 0 hit(s), 1 error(s), 2 left on base; Phoenix 0 - Oakland 0
TOP OF THE 4TH
Phoenix Hotspur batting - Pitching for Oakland Oaks : RHP Kent Clement
Batting: LHB Rubén López 0-0: Called Strike
0-1: Swinging Strike
0-2: Ball
1-2: Strikes out swinging
Batting: LHB Albert González 0-0: Called Strike
0-1: Foul Ball, location: 2F
0-2: Ball
1-2: Strikes out swinging
Batting: RHB John Moore 0-0: Called Strike
0-1: Foul Ball, location: 2F
0-2: Strikes out swinging
Top of the 4th over - 0 run(s), 0 hit(s), 0 error(s), 0 left on base; Phoenix 0 - Oakland 0
BOTTOM OF THE 4TH
Oakland Oaks batting - Pitching for Phoenix Hotspur : RHP Pedro Valdéz
Batting: SHB John Allen 0-0: Fly out, F8 (Flyball, 8LM)
Batting: LHB Mal Wadley 0-0: Called Strike
0-1: Fly out, F4 (Line Drive, 4M)
Batting: RHB Miguel Fernández 0-0: Ball
1-0: Fly out, F7 (Flyball, 7M)
Bottom of the 4th over - 0 run(s), 0 hit(s), 0 error(s), 0 left on base; Phoenix 0 - Oakland 0
TOP OF THE 5TH
Phoenix Hotspur batting - Pitching for Oakland Oaks : RHP Kent Clement
Batting: RHB António Padilla 0-0: Ball
1-0: Called Strike
1-1: Foul Ball, location: 2F
1-2: Ball
2-2: DOUBLE (Line Drive, 78D)
Batting: RHB Gabriel Pérez 0-0: Fly out, F3 (Popup, 3S)
Batting: RHB Martín Martínez 0-0: Swinging Strike
0-1: Ball
1-1: Ball
2-1: Foul Ball, location: 2F
2-2: Foul Ball, location: 2F
2-2: Strikes out swinging
Batting: LHB Arthur Ryan 0-0: Ball
1-0: Foul Ball, location: 2F
1-1: Ball
2-1: Called Strike
2-2: Hit by Pitch
Batting: LHB Dave Knight 0-0: Called Strike
0-1: Called Strike
0-2: Strikes out swinging
Top of the 5th over - 0 run(s), 1 hit(s), 0 error(s), 2 left on base; Phoenix 0 - Oakland 0
BOTTOM OF THE 5TH
Oakland Oaks batting - Pitching for Phoenix Hotspur : RHP Pedro Valdéz
Batting: RHB Dave Henderson 0-0: Called Strike
0-1: Swinging Strike
0-2: Ball
1-2: Ball
2-2: Strikes out swinging
Batting: RHB Jim Lee 0-0: Foul Ball, location: 2F
0-1: Swinging Strike
0-2: Strikes out swinging
Batting: RHB Rafael Durango 0-0: Ball
1-0: Called Strike
1-1: Foul Ball, location: 2F
1-2: Strikes out swinging
Bottom of the 5th over - 0 run(s), 0 hit(s), 0 error(s), 0 left on base; Phoenix 0 - Oakland 0
TOP OF THE 6TH
Phoenix Hotspur batting - Pitching for Oakland Oaks : RHP Kent Clement
Batting: RHB Randy Rehling 0-0: Called Strike
0-1: Ball
1-1: Ball
2-1: Ball
3-1: Ground out 1-3 (Groundball, 13S)
Batting: LHB Rubén López 0-0: Ball
1-0: Called Strike
1-1: Foul Ball, location: 2F
1-2: Ball
2-2: Strikes out looking
Batting: LHB Albert González 0-0: Ball
1-0: Called Strike
1-1: Foul Ball, location: 2F
1-2: Strikes out swinging
Top of the 6th over - 0 run(s), 0 hit(s), 0 error(s), 0 left on base; Phoenix 0 - Oakland 0
BOTTOM OF THE 6TH
Oakland Oaks batting - Pitching for Phoenix Hotspur : RHP Pedro Valdéz
Batting: LHB Jesús Quintanilla 0-0: Ball
1-0: Swinging Strike
1-1: Ground out 4-3 (Groundball, 4)
Batting: LHB Edwin Church 0-0: Called Strike
0-1: Ground out 1-3 (Groundball, 15S)
Batting: LHB Todd Henry 0-0: Ball
1-0: Foul Ball, location: 2F
1-1: Ball
2-1: Foul Ball, location: 2F
2-2: Ground out 4-3 (Groundball, 4)
Bottom of the 6th over - 0 run(s), 0 hit(s), 0 error(s), 0 left on base; Phoenix 0 - Oakland 0
TOP OF THE 7TH
Phoenix Hotspur batting - Pitching for Oakland Oaks : RHP Kent Clement
Batting: RHB John Moore 0-0: Ball
1-0: Called Strike
1-1: Called Strike
1-2: Ball
2-2: Foul Ball, location: 2F
2-2: SINGLE (Line Drive, 56)
Batting: RHB António Padilla 0-0: Called Strike
0-1: Foul Ball, location: 2F
0-2: SINGLE (Flyball, 9LS)
John Moore to second
Runner from 2nd tries for 3rd, SAFE, no throw or cutoff
Batting: RHB Gabriel Pérez 0-0: Ball
1-0: SINGLE (Groundball, 56D)
John Moore scores
António Padilla to second
Batting: RHB Martín Martínez 0-0: Called Strike
0-1: Ball
1-1: Fly out, F5 (Line Drive, 5L)
Batting: LHB Arthur Ryan 0-0: Foul Ball, location: 2F
0-1: Foul Ball, location: 2F
0-2: Grounds into double play, 6-4-3 (Groundball, 6)
Top of the 7th over - 1 run(s), 3 hit(s), 0 error(s), 1 left on base; Phoenix 1 - Oakland 0
BOTTOM OF THE 7TH
Oakland Oaks batting - Pitching for Phoenix Hotspur : RHP Pedro Valdéz
Pitching: RHP Jesús Olvero
Batting: SHB John Allen 0-0: Ball
1-0: Fly out, F9 (Flyball, 9M)
Batting: LHB Mal Wadley 0-0: Ground out 4-3 (Groundball, 4)
Batting: RHB Miguel Fernández 0-0: Ball
1-0: Ball
2-0: Called Strike
2-1: Ground out 4-3 (Groundball, 4)
Bottom of the 7th over - 0 run(s), 0 hit(s), 0 error(s), 0 left on base; Phoenix 1 - Oakland 0
TOP OF THE 8TH
Phoenix Hotspur batting - Pitching for Oakland Oaks : RHP Kent Clement
Batting: LHB Dave Knight 0-0: Called Strike
0-1: DOUBLE (Flyball, 9D)
Batting: RHB Randy Rehling 0-0: Ball
1-0: Called Strike
1-1: Foul Ball, location: 2F
1-2: Ball
2-2: Foul Ball, location: 2F
2-2: Fly out, F3 (Popup, 3DF)
Batting: LHB Rubén López 0-0: Ball
Dave Knight steals 3rd base
1-0: Foul Ball, location: 2F
1-1: Ground out 4-3 (Groundball, 4)
Batting: LHB Albert González 0-0: Ball
1-0: Foul Ball, location: 2F
1-1: Ball
2-1: Foul Ball, location: 2F
2-2: Foul Ball, location: 2F
2-2: Ball
3-2: Ground out U3 (Groundball, 3L)
Top of the 8th over - 0 run(s), 1 hit(s), 0 error(s), 1 left on base; Phoenix 1 - Oakland 0
BOTTOM OF THE 8TH
Oakland Oaks batting - Pitching for Phoenix Hotspur : RHP Jesús Olvero
Pitching: RHP Scott William
Batting: RHB Dave Henderson 0-0: Ball
1-0: Ball
2-0: Called Strike
2-1: SINGLE (Line Drive, 7S)
Batting: RHB Jim Lee 0-0: Sac Bunt - play at first, batter OUT! 1-4
Dave Henderson to second
Batting: RHB Rafael Durango 0-0: Ball
1-0: Swinging Strike
1-1: Swinging Strike
1-2: Strikes out swinging
Batting: LHB Jesús Quintanilla 0-0: Ball
1-0: Ball
2-0: Swinging Strike
2-1: 2-RUN HOME RUN (Line Drive, 7LD), Distance : 362 ft
Pitching: RHP Craig Gasnier
Batting: LHB Edwin Church 0-0: Ball
1-0: DOUBLE (Groundball, 5L)
Batting: LHB Todd Henry 0-0: Foul Ball, location: 2F
0-1: Ball
1-1: Called Strike
1-2: Foul Ball, location: 2F
1-2: Ground out 6-3 (Groundball, 4M)
Bottom of the 8th over - 2 run(s), 3 hit(s), 0 error(s), 1 left on base; Phoenix 1 - Oakland 2
TOP OF THE 9TH
Phoenix Hotspur batting - Pitching for Oakland Oaks : RHP Kent Clement
Now in CF: Jim Allen
Batting: RHB John Moore 0-0: Ball
1-0: Fly out, F4 (Popup, 4)
Batting: RHB António Padilla 0-0: Called Strike
0-1: Called Strike
0-2: Ball
1-2: Ball
2-2: Foul Ball, location: 2F
2-2: DOUBLE (Flyball, 78XD)
Pitching: RHP Tony Hernández
Batting: RHB Gabriel Pérez 0-0: Foul Ball, location: 2F
0-1: Foul Ball, location: 2F
0-2: Ball
1-2: Ball
2-2: Fly out, F5 (Popup, 5F)
Batting: RHB Martín Martínez 0-0: Foul Ball, location: 2F
0-1: Called Strike
0-2: Foul Ball, location: 2F
0-2: Strikes out looking
Top of the 9th over - 0 run(s), 1 hit(s), 0 error(s), 1 left on base; Phoenix 1 - Oakland 2
This league is powered by Out of the Park Baseball, the baseball management simulation game for PC, Mac and Linux
Friday, July 8th, 2016 - OOTP Baseball 16.9 Build 39